 Dungeon Crawl Stone Soup version 0.30-a0-709-gcdc1b43e22 (webtiles) character file.

Game seed: 5907089694315849603

648 Decipherer the Chopper (level 7, -4/61 HPs)
             Began as a Minotaur Berserker on Jan 22, 2023.
             Was a Believer of Trog.
             Killed from afar by an orc wizard (11 damage)
             ... with a puff of flame
             ... on level 5 of the Dungeon.
             The game lasted 00:02:35 (3075 turns).

Decipherer the Chopper (Minotaur Berserker)         Turns: 3075, Time: 00:02:35

Health: -4/61      AC:  9    Str: 22 (24) XL:     7   Next: 27%
Magic:  6/6        EV: 11    Int:  3 (4)  God:    Trog [**....]
Gold:   174        SH:  0    Dex:  7 (9)  Spells: 6/6 levels left

rFire   . . .      SeeInvis .    n - +0 hand axe (drain)
rCold   . . .      Faith    .    (no shield)
rNeg    + . .      Spirit   .    g - +0 ring mail
rPois   .          Reflect  .    (helmet restricted)
rElec   .          Harm     .    (no cloak)
rCorr   .          Rampage  .    q - +2 pair of gloves
Will    .....                    (no boots) Stlth
                                 (no amulet)
HPRegen 0.30/turn                i - ring of positive energy
MPRegen 0.10/turn                p - ring of flight

@: confused, lethally poisoned (-4 -> -28), flying, hasted, very quick
A: horns 2, retaliatory headbutt
a: Renounce Religion, Berserk, Trog's Hand


You were on level 5 of the Dungeon.
You worshipped Trog.
Trog was pleased with you.
You visited 1 branch of the dungeon, and saw 5 of its levels.

You collected 174 gold pieces.

Inventory:

Hand Weapons
 a - a +0 hand axe
 n - a +0 hand axe of draining (weapon)
Armour
 g - a +0 ring mail (worn)
 q - a +2 pair of gloves (worn)
Jewellery
 i - a ring of positive energy (left hand)
 p - a ring of flight (right hand)
Scrolls
 b - a scroll of brand weapon {unknown}
 e - 2 scrolls of amnesia {unknown}
 f - 2 scrolls of identify {unknown}
 j - a scroll of enchant weapon {unknown}
 l - a scroll of enchant armour
 o - 2 scrolls of immolation {unknown}
 r - a scroll of teleportation {unknown}
 s - a scroll of silence {unknown}
 u - a scroll of fear {unknown}
Potions
 d - a potion of flight {unknown}
 m - a potion of might {unknown}
 t - a potion of magic {unknown}
 v - a potion of degeneration


   Skills:
 + Level 5.3 Fighting
 + Level 7.3 Axes
 + Level 1.9 Throwing
 + Level 4.9 Armour
 + Level 3.3 Dodging
 + Level 0.1 Stealth


You had 6 spell levels left.
You didn't know any spells.
Your spell library contained the following spells:

 Spells                   Type           Power      Damage    Failure   Level
 Apportation              Tloc           0%         N/A       67%         1
 Necrotise                Necr           0%         1d4       67%         1
 Shock                    Conj/Air       0%         1d3       67%         1
 Summon Small Mammal      Summ           0%         N/A       67%         1
 Swiftness                Air            0%         N/A       96%         3
 Vampiric Draining        Necr           0%         2d6       96%         3
 Airstrike                Air            0%         2d(0-16)  100%        4
 Agony                    Necr           0%         N/A       100%        5


Dungeon Overview and Level Annotations

Branches:
Dungeon (5/15)
 Temple: D:4-7

Altars:
Nemelex Xobeh
Okawaru
Uskayaw

Shops:
D:1 ?


Innate Abilities, Weirdness & Mutations

You have a pair of horns on your head.
You reflexively headbutt those who attack you in melee.


Message History

* * * LOW HITPOINT WARNING * * *
You are more poisoned.
Something hits you.
* * * LOW HITPOINT WARNING * * *
You hear some strange, mumbled words.
Something tries to affect you, but you resist.
It was a potion of curing.
You feel better.
Something hits you but does no damage. x2
You are poisoned.
Something hits you but does no damage.
It was a potion of degeneration.
There was something very wrong with that liquid.
You feel weakened.
You feel dopey.
You feel clumsy.
You feel very sick.
You hear some strange, mumbled words.
A magic dart appears from out of thin air!
The magic dart hits you!
* * * LOW HITPOINT WARNING * * *
Something hits you.
* * * LOW HITPOINT WARNING * * *
Something hits you but does no damage.
You are more poisoned.
You feel better. Something hits you but does no damage.
You are poisoned.
Something hits you but does no damage.
You hear some strange, mumbled words.
You are confused.
You are too confused!
You feel yourself speed up.
You feel very sick. Something hits you.
* * * LOW HITPOINT WARNING * * *
You are lethally poisoned!
You hear some strange, mumbled words.
A magic dart appears from out of thin air!
The magic dart hits you.
* * * LOW HITPOINT WARNING * * *
You hear some strange, mumbled words.
A puff of flame appears from out of thin air!
The puff of flame hits you!
You die...

#...... ... #......
.... #....!# .....
##.....##.....
#.............
+.......>.....
#...o..# #.##{{.#
#+##.##@{.##...
#................ ..
#................
...#................
.....##'############
####.........#
#...<.....+
#.........#
#.........#


You could see an orc.

Vanquished Creatures
  2 ogres (D:4)
  2 scorpions (D:3)
  A hound (D:4)
  A jelly (D:4)
  2 orc priests (D:3)
  3 iguanas
  An orc wizard (D:5)
  4 adders
  An ufetubus (D:4)
  A worm (D:2)
  2 dart slugs
  16 orcs
  3 bats
  5 endoplasms
  4 giant cockroaches
  2 goblins
  5 hobgoblins
  10 jackals
  3 quokkas
  2 ball pythons
  2 frilled lizards
  5 kobolds
  4 rats
81 creatures vanquished.

Notes
Turn   | Place    | Note
-------+----------+-------------------------------------------
     0 | D:1      | Decipherer the Minotaur Berserker began the quest for the
                  | Orb.
     0 | D:1      | Reached XP level 1. HP: 19/19 MP: 0/0
    56 | D:1      | Reached skill level 4 in Axes
    56 | D:1      | Reached XP level 2. HP: 27/27 MP: 1/1
   459 | D:1      | Found Omaladas's Magic Scroll Boutique.
   760 | D:2      | Reached XP level 3. HP: 33/33 MP: 2/2
   906 | D:2      | Found a faded altar of an unknown god.
  1452 | D:3      | Noticed a scorpion
  1457 | D:3      | Killed a scorpion
  1458 | D:3      | Reached skill level 5 in Fighting
  1458 | D:3      | Reached skill level 5 in Axes
  1458 | D:3      | Reached XP level 4. HP: 42/42 MP: 3/3
  1480 | D:3      | Found a hide-covered altar of Uskayaw.
  1577 | D:3      | Reached ** piety under Trog
  1578 | D:3      | Reached XP level 5. HP: 46/48 MP: 4/4
  1702 | D:3      | Reached skill level 6 in Axes
  2106 | D:4      | Found an iron altar of Okawaru.
  2167 | D:4      | Reached XP level 6. HP: 48/56 MP: 5/5
  2779 | D:4      | Found a sparkling altar of Nemelex Xobeh.
  2978 | D:4      | Reached skill level 1 in Throwing
  2979 | D:4      | Reached skill level 7 in Axes
  2979 | D:4      | Reached XP level 7. HP: 57/61 MP: 6/6
  3047 | D:5      | Entered Level 5 of the Dungeon
  3075 | D:5      | Killed from afar by an orc wizard

Illustrated notes

Levels and vault maps discovered:
D:1:      roderic_crossed_star, layout_basic, serial_shops, nicolae_shop_crystal
D:2:      layout_basic, ebering_ecumenical_altar_abandoned
D:3:      layout_basic, nicolae_uskayaw_murder_on_the_dancefloor,
          minmay_misc_feat_secret_circle, minmay_misc_feat_nine_boxes,
          kennysheep_generic_room_12
D:4:      layout_cave_pods, nemelex_spade_bored_becter, okawaru_gym_becter
D:5:      layout_gridville, general_overflow_altar, kennysheep_generic_room_3

Skill      XL: |  1  2  3  4  5  6 |
---------------+-------------------+-----
Axes           | 4 5 6 7 |  7.3
Fighting       | 4 5 |  5.3
Armour         | 3 4 |  4.9
Dodging        | 3 |  3.3
Throwing       | 1 |  1.9
Stealth        | |  0.1

Action                     |  1- 3 |  4- 6 |  7- 9 || total
---------------------------+-------+-------+-------++-------
  Melee: Hand axe          |    70 |    86 |    11 ||   167
         Headbutt          |    14 |     6 |     2 ||    22
         Punch             |     1 |     1 |       ||     2
  Throw: Dart              |       |    25 |       ||    25
 Invoke: Berserk           |     1 |     3 |       ||     4
    Use: Potion            |       |       |     4 ||     4
         Scroll            |       |       |     2 ||     2
 Armour: Animal skin       |     5 |       |       ||     5
         Ring mail         |    17 |    29 |    16 ||    62
  Dodge: Dodged            |    41 |    42 |     7 ||    90

Table legend: (Time is in decaauts)
 A = Elapsed time spent in this place.
 B = Non-inter-level travel time spent in this place.
 C = Inter-level travel time spent in this place.
 D = Time resting spent in this place.
 E = Time spent auto-exploring this place.
 F = Levels seen in this place.
 G = Mean time per level.
                   A        B        C        D        E       F      G
               +--------+--------+--------+--------+--------+-----+--------+
         Total |   3109 |   2987 |    122 |      0 |   2509 |   5 |  621.8 |
       Dungeon |   3109 |   2987 |    122 |      0 |   2509 |   5 |  621.8 |
               +--------+--------+--------+--------+--------+-----+--------+

Top non-repeatable levels by time:
     D:4: 959 daAuts
     D:3: 786 daAuts
     D:2: 690 daAuts
     D:1: 646 daAuts
     D:5: 27 daAuts
